 Dungeon Crawl Stone Soup version 0.31-a0-117-g42d8f58691 (webtiles) character file.

Game seed: 5944288777846181351

2147943 EnegeticOcto the Blood Saint (level 27, 226/226 (242) HPs)
             Began as a Demonspawn Artificer on May 30, 2023.
             Was the Champion of Makhleb.
             Escaped with the Orb
             ... and 4 runes on May 31, 2023!
             The game lasted 02:26:06 (80338 turns).

EnegeticOcto the Blood Saint (DsAr)                Turns: 80338, Time: 02:26:07

HP:   226/226 (242) AC: 44    Str: 31    XL:     27
MP:   40/40         EV: 14    Int: 19    God:    Makhleb [******]
Gold: 4677          SH: 10    Dex: 12    Spells: 26/26 levels left

rFire   + + .        f - +9 demon trident (elec)
rCold   + . .        z - +3 warlock's mirror {omnireflect}
rNeg    + + .        Q - +6 plate armour {Will+}
rPois   +            x - +2 helmet
rElec   +            r - +2 cloak {Will+}
rCorr   +            V - +2 pair of gloves of Dyspraxia {Fly rN+ rCorr Slay-2}
SInv    .            (boots unavailable)
Will    ++++.        M - amulet "Pyic" {rF++ Regen+ rCorr} Stlth
                     c - ring of Ilobroem {rElec Str+8 Int+2 Dex-3 Slay+4}
HPRegen 1.37/turn    X - ring of Quterint {rPois rN+ Int+4}
MPRegen 0.54/turn

%: reflection, guardian spirit
@: flying, studying 4 skills, drained
A: hooves 3, icy blue scales 3, foul stench 3, magic shield, magic regeneration,
magic link, corrupting presence 2, word of chaos, weak 1
0: Orb of Zot
}: 4/15 runes: barnacled, slimy, silver, gossamer
a: Word of Chaos, Renounce Religion, Minor Destruction, Lesser Servant of
Makhleb, Major Destruction, Greater Servant of Makhleb


You escaped.
You worshipped Makhleb.
Makhleb was exalted by your worship.
You visited 12 branches of the dungeon, and saw 56 of its levels.
You visited 1 ziggurat, and saw 3 of its levels.
You also visited: Trove, Gauntlet and Ice Cave.

You collected 8376 gold pieces.
You spent 3699 gold pieces at shops.

Inventory:

Hand Weapons
 f - a +9 demon trident of electrocution (weapon)
   (You took it off Urug on level 2 of the Orcish Mines)
Missiles
 m - 5 throwing nets (quivered) {!f}
Armour
 r - a +2 cloak of willpower (worn)
   (You found it on level 5 of the Pits of Slime)
 x - a +2 helmet (worn)
   (You took it off Robin on level 2 of the Dungeon)
 z - the +3 warlock's mirror (worn) {omnireflect}
   (You bought it in a shop on level 1 of the Elven Halls)

   Omnireflect: It can block and reflect piercing ranged attacks and magical
   attacks against the wielder's willpower.
 Q - a +6 plate armour of willpower (worn)
   (You took it off a deep elf blademaster on level 3 of the Elven Halls)
 V - the +2 pair of gloves of Dyspraxia (worn) {Fly rN+ rCorr Slay-2}
   (You found it in a Gauntlet)

   Slay:      It affects your accuracy & damage with ranged weapons and melee
   (-2).
   rN:        It protects you from negative energy.
   Fly:       It grants you flight.
   rCorr:     It protects you from acid and corrosion.
Jewellery
 c - the ring of Ilobroem (left hand) {rElec Str+8 Int+2 Dex-3 Slay+4}
   (You took it off a vault guard on level 5 of the Vaults)

   [ring of slaying]

   Str:       It affects your strength (+8).
   Int:       It affects your intelligence (+2).
   Dex:       It affects your dexterity (-3).
   Slay:      It affects your accuracy & damage with ranged weapons and melee
   (+4).
   rElec:     It insulates you from electricity.
 l - the ring "Eby Ateb" {rElec rF+ rCorr}
   (You took it off a deep elf blademaster on level 3 of the Elven Halls)

   [ring of resist corrosion]

   rF:        It protects you from fire.
   rElec:     It insulates you from electricity.
   rCorr:     It protects you from acid and corrosion.
 M - the amulet "Pyic" (around neck) {rF++ Regen+ rCorr}
   (You took it off a deep elf death mage on level 3 of the Elven Halls)

   [amulet of regeneration]

   rF:        It greatly protects you from fire.
   Regen:     It increases your rate of health regeneration.
   rCorr:     It protects you from acid and corrosion.
 X - the ring of Quterint (right hand) {rPois rN+ Int+4}
   (You found it in a Gauntlet)

   [ring of poison resistance]

   Int:       It affects your intelligence (+4).
   rPois:     It protects you from poison.
   rN:        It protects you from negative energy.
 Z - a ring of willpower
   (You found it on level 12 of the Dungeon)
Wands
 d - a wand of charming (83)
 o - a wand of mindburst (72)
   (You found it on level 9 of the Dungeon)
 y - a wand of polymorph (57)
   (You took it off Jessica on level 3 of the Dungeon)
 G - a wand of roots (74) {@v2}
   (You found it on level 5 of the Dungeon)
 H - a wand of digging (14) {@v3}
   (You found it in a Gauntlet)
 P - a wand of light (36) {@v1}
   (You found it on level 1 of the Lair of Beasts)
Scrolls
 g - a scroll of silence {!r}
 h - 11 scrolls of fog {!r}
 i - 11 scrolls of fear {!r}
 n - 8 scrolls of vulnerability
 s - 4 scrolls of butterflies
 v - 7 scrolls of poison
 w - 7 scrolls of torment
 D - 7 scrolls of blinking {@r4}
 I - 9 scrolls of immolation
 O - 16 scrolls of teleportation {@r3 !r}
 S - a scroll of magic mapping {@r5 !r}
Potions
 b - 9 potions of attraction
 j - 9 potions of invisibility
 k - 30 potions of curing {@q1 !q}
 p - 5 potions of enlightenment
 t - 9 potions of brilliance
 u - 10 potions of mutation
 A - 9 potions of ambrosia
 C - 8 potions of might {@q3 !q}
 E - 2 potions of cancellation
 F - 2 potions of lignification {@q6}
 K - 3 potions of berserk rage
 L - 3 potions of magic
 T - 4 potions of heal wounds {@q2 !q}
 U - 5 potions of haste {@q4 !q}
 Y - 2 potions of resistance
Miscellaneous
 a - a lightning rod (4/4)
   (You found it on level 10 of the Dungeon)
 e - a tin of tremorstones (2/2)
   (You found it on level 14 of the Dungeon)
 q - a box of beasts
   (You found it in a Gauntlet)
 B - a phial of floods
   (You found it in a Gauntlet)
 W - a phantom mirror
   (You found it on level 12 of the Dungeon)


   Skills:
 + Level 25.3 Fighting
 - Level 14.0 Polearms
 - Level 25.7 Armour
 - Level 15.0 Dodging
 - Level 5.0 Stealth
 - Level 13.0 Shields
 O Level 27 Invocations
 - Level 15.0 Evocations


You had 26 spell levels left.
You didn't know any spells.
Your spell library contained the following spells:

 Spells                   Type           Power      Damage    Failure   Level
 Apportation              Tloc           0%         N/A       54%         1
 Foxfire                  Conj/Fire      0%         2x1d4     54%         1
 Freeze                   Ice            0%         1d3       54%         1
 Magic Dart               Conj           0%         1d3       54%         1
 Necrotise                Necr           0%         1d4       54%         1
 Sandblast                Erth           0%         2d4       54%         1
 Shock                    Conj/Air       0%         1d3       54%         1
 Slow                     Hex            0%         N/A       54%         1
 Sting                    Tmut/Pois      0%         1d3       54%         1
 Summon Small Mammal      Summ           0%         N/A       54%         1
 Blink                    Tloc           0%         N/A       67%         2
 Call Imp                 Summ           0%         N/A       67%         2
 Cigotuvi's Dreadful Rot  Necr/Pois/Air  0%         N/A       67%         2
 Ensorcelled Hibernation  Hex/Ice        0%         N/A       67%         2
 Momentum Strike          Conj/Tloc      0%         3d8       67%         2
 Passwall                 Tmut/Erth      0%         N/A       67%         2
 Poisonous Vapours        Pois/Air       0%         N/A       67%         2
 Scorch                   Fire           0%         2d5       67%         2
 Searing Ray              Conj           0%         2d4       67%         2
 Static Discharge         Conj/Air       0%         2-2/arc   67%         2
 Sublimation of Blood     Necr           0%         N/A       67%         2
 Wereblood                Tmut           0%         N/A       67%         2
 Call Canine Familiar     Summ           0%         N/A       88%         3
 Confusing Touch          Hex            0%         N/A       88%         3
 Dazzling Flash           Conj/Hex       0%         N/A       88%         3
 Frozen Ramparts          Ice            0%         1d1       88%         3
 Hailstorm                Conj/Ice       0%         3d3       88%         3
 Ignite Poison            Fire/Tmut/Pois 0%         N/A       88%         3
 Inner Flame              Hex/Fire       0%         N/A       88%         3
 Mephitic Cloud           Conj/Pois/Air  0%         N/A       88%         3
 Ozocubu's Armour         Ice            0%         N/A       88%         3
 Portal Projectile        Hex/Tloc       0%         N/A       88%         3
 Stone Arrow              Conj/Erth      0%         3d7       88%         3
 Summon Guardian Golem    Hex/Summ       0%         N/A       88%         3
 Swiftness                Air            0%         N/A       88%         3
 Teleport Other           Tloc           0%         N/A       88%         3
 Tukima's Dance           Hex            0%         N/A       88%         3
 Vampiric Draining        Necr           0%         2d6       88%         3
 Volatile Blastmotes      Fire/Tloc      0%         2d10      88%         3
 Airstrike                Air            0%         2d(0-16)  99%         4
 Animate Armour           Summ/Erth      0%         N/A       99%         4
 Animate Dead             Necr           0%         N/A       99%         4
 Cause Fear               Hex            0%         N/A       99%         4
 Dispel Undead            Necr           0%         3d6       99%         4
 Flame Wave               Conj/Fire      0%         2d4       99%         4
 Fulminant Prism          Conj/Hex       0%         3d5       99%         4
 Ice Form                 Ice/Tmut       0%         N/A       99%         4
 Iskenderun's Mystic Bla  Conj/Tloc      0%         2d3       99%         4
 Olgreb's Toxic Radiance  Pois           0%         N/A       99%         4
 Passage of Golubria      Tloc           0%         N/A       99%         4
 Petrify                  Tmut/Erth      0%         N/A       99%         4
 Sticky Flame             Conj/Fire      0%         2d3       99%         4
 Summon Ice Beast         Ice/Summ       0%         N/A       99%         4
 Summon Lightning Spire   Summ/Air       0%         N/A       99%         4
 Agony                    Necr           0%         N/A       100%        5
 Alistair's Intoxication  Tmut/Pois      0%         N/A       100%        5
 Blade Hands              Tmut           0%         N/A       100%        5
 Borgnjor's Vile Clutch   Necr/Erth      0%         N/A       100%        5
 Fireball                 Conj/Fire      0%         3d3       100%        5
 Freezing Cloud           Conj/Ice/Air   0%         6-21      100%        5
 Irradiate                Conj/Tmut      0%         3d11      100%        5
 Iskenderun's Battlesphe  Conj           0%         2d6       100%        5
 Metabolic Englaciation   Hex/Ice        0%         N/A       100%        5
 Summon Mana Viper        Hex/Summ       0%         N/A       100%        5
 Yara's Violent Unravell  Hex/Tmut       0%         3d3       100%        5
 Death Channel            Necr           0%         N/A       100%        6
 Leda's Unmaking          Conj/Erth      0%         9d1       100%        6
 Plasma Beam              Fire/Air       0%         2x1d11    100%        6
 Simulacrum               Ice/Necr       0%         N/A       100%        6
 Starburst                Conj/Fire      0%         6d3       100%        6
 Statue Form              Tmut/Erth      0%         N/A       100%        6
 Summon Cactus Giant      Summ           0%         N/A       100%        6
 Enfeeble                 Hex            0%         N/A       100%        7
 Haunt                    Necr/Summ      0%         N/A       100%        7
 Ozocubu's Refrigeration  Ice            0%         4d7       100%        7
 Spellforged Servitor     Conj/Summ      0%         N/A       100%        7
 Storm Form               Tmut/Air       0%         N/A       100%        7
 Summon Hydra             Summ           0%         N/A       100%        7
 Borgnjor's Revivificati  Necr           0%         N/A       100%        8
 Discord                  Hex            0%         N/A       100%        8
 Ignition                 Fire           0%         3d3       100%        8
 Necromutation            Tmut/Necr      0%         N/A       100%        8
 Chain Lightning          Conj/Air       0%         N/A       100%        9
 Death's Door             Necr           0%         N/A       100%        9
 Dragon's Call            Summ           0%         N/A       100%        9
 Fire Storm               Conj/Fire      0%         5d1       100%        9
 Polar Vortex             Ice            0%         N/A       100%        9
 Shatter                  Erth           0%         3d5*      100%        9


Dungeon Overview and Level Annotations

Branches:
Dungeon (15/15)            Temple (1/1) D:4            Lair (5/5) D:8
 Shoals (4/4) Lair:3       Spider (4/4) Lair:2        Slime (5/5) Lair:4
    Orc (2/2) D:12            Elf (3/3) Orc:2        Vaults (5/5) D:13
  Crypt (3/3) Vaults:3       Tomb (0/3) Crypt:3      Depths (4/4) D:15
    Zot (5/5) Depths:4      IceCv (visited)         Gauntlet (visited)

Altars:
Ashenzari
Cheibriados
Dithmenos
Fedhas
Gozag
Hepliaklqana
Kikubaaqudgha
Makhleb
Nemelex Xobeh
Okawaru
Qazlal
Ru
Sif Muna
Trog
Uskayaw
Vehumet
Wu Jian
Xom
Yredelemnul
Jiyva

Shops:
D:7 [   D:8 =   D:9 *   D:13 *   Orc:2 :[[?   Elf:1 [?[!   Elf:2 (   Elf:3 =
Vaults:1 :   Vaults:2 :   Depths:1 :=:?

Portals:
Hell: Depths:1 Depths:2 Depths:3 Depths:4
Abyss: Depths:2 Depths:3
Pandemonium: Depths:1 Depths:2

Annotations:
D:13 3 runed translucent doors, Boris; dazzle's ghost, journeyman NaIE
D:14 3 runed translucent doors
Spider:3 2 runed translucent doors, exclusion: door, Apeheil's ghost, adept HuAr
Orc:2 1 runed translucent door, exclusion: door, confidenceinterval's ghost, journeyman DsIE
Elf:1 2 runed translucent doors, Catuneh's ghost, adept MiFi
Elf:2 3 runed translucent doors
Crypt:1 3 runed translucent doors, Neirri's ghost, veteran DrHW; Ucsunolie's ghost, veteran GrFi; Zijastu's ghost, veteran MiBe
Crypt:3 1 runed translucent door, Ceuschugat's ghost, veteran GrFi
Depths:3 exclusion: orange crystal statue


Innate Abilities, Weirdness & Mutations

You have hooves in place of feet.
You are completely covered in icy blue scales. (AC +4, rC+)
You frequently emit foul miasma when damaged in melee.
When hurt, damage is shared between your health and your magic reserves.
You regenerate magic rapidly.
When low on magic, you restore magic in place of health.
Your presence sometimes corrodes or deforms those you injure.
You can speak a Word of Chaos.
You are weak. (Str -2)


Message History

Where to? (Enter - D:1 @ (x,y), ? - help)
There is a stone staircase leading up here.
You fly upwards.
There is a stone staircase leading down here.
HP restored.
Magic restored.
You are ready to speak a word of chaos again.
There is a stone staircase leading up here.
You fly upwards.
There is a stone staircase leading down here.
There is a stone staircase leading up here.
You fly upwards.
There is a stone staircase leading down here. 5 hell hounds come into view.
Unknown command.
The hell hound barks! x3
The hell hound breathes flames at you.
The blast of flame hits you but does no damage.
The hell hound breathes flames at you.
The blast of flame hits you but does no damage.
The hell hound breathes flames at you. The blast of flame misses you.
The hell hound breathes flames at you.
The blast of flame hits the hell hound.
The hell hound completely resists.
The blast of flame hits you but does no damage.
The hell hound attacks as you move away!
The hell hound bites you but does no damage.
There is a stone staircase leading up here.
You fly upwards.
There is a stone staircase leading down here.
Things that are here:
a +0 robe; a +0 scimitar of flaming
(D) Dungeon (T) Temple (L) Lair (A) Shoals (N) Spider Nest (M) Slime Pits (O) Orcish Mines (E) Elven Halls (V) Vaults (C) Crypt (W) Tomb (U) Depths (H) Hell (Z) Zot
Where to? (Enter - D:1 @ (x,y), ? - help)
There is a stone staircase leading up here.
You fly upwards.
There is a stone staircase leading down here.
An Ice Fiend comes into view.
You reach to attack!
You puncture the Ice Fiend!
The Ice Fiend is lightly wounded.
You reach to attack!
You puncture the Ice Fiend!
The Ice Fiend is moderately wounded.
You reach to attack!
You puncture the Ice Fiend!
The Ice Fiend twists and deforms.
The Ice Fiend is moderately wounded.
You impale the Ice Fiend!! You kick the Ice Fiend.
The Ice Fiend is heavily wounded.
You impale the Ice Fiend!! You kick the Ice Fiend!
You kill the Ice Fiend!
Makhleb accepts your kill.
No target in view!
(D) Dungeon (T) Temple (L) Lair (A) Shoals (N) Spider Nest (M) Slime Pits (O) Orcish Mines (E) Elven Halls (V) Vaults (C) Crypt (W) Tomb (U) Depths (H) Hell (Z) Zot
Where to? (Enter - D:1 @ (x,y), ? - help) HP restored.
There is a stone staircase leading up here.
Things that are here:
a +0 whip; a +0 club; a scroll of amnesia You fly upwards.
There is a stone staircase leading down here.
A shadow demon comes into view.
The shadow demon gives a loud, deep croak!
A demonspawn corrupter comes into view. It is wielding a +0 dire flail.
There is a stone staircase leading up here.
The demonspawn corrupter calls forth creatures from the Abyss!
The shadow demon barely misses you.
The shadow demon hits you but does no damage.
The shadow demon gestures.
There is a stone staircase leading up here.
The bullfrog hits you but does no damage.
You fly upwards.
There is a stone staircase leading down here.
(D) Dungeon (T) Temple (L) Lair (A) Shoals (N) Spider Nest (M) Slime Pits (O) Orcish Mines (E) Elven Halls (V) Vaults (C) Crypt (W) Tomb (U) Depths (H) Hell (Z) Zot
Where to? (Enter - D:1 @ (x,y), ? - help)
There is a stone staircase leading up here.
You fly upwards.
There is a stone staircase leading down here.
There is a stone staircase leading up here.
You fly upwards.
There is a stone staircase leading down here.
There is an open door here.
There is a stone staircase leading up here.
You fly upwards.
There is a stone staircase leading down here.
There is a dry fountain here.
There is a stone staircase leading up here.
You fly upwards.
There is a stone staircase leading down here.
There is an open door here.
There is a staircase leading out of the dungeon here.
Unknown command.
You have escaped!

#....# #...# #.# ##....#
###.).### #.# #.###.# #.......#
####.# [#########.......####....#
#.....#..[..........#..###
..###.+......⌠..)...'..#
#.###.#.............##.##########
#..#..####.......#####.##........
#.....# #......@# ##.##.#######
#.###.# ###...### #.....# #####
#.# #.# #...# #.##### #.... #.#
#÷# #...# #.# #.### #.# #.# ##'##
#.# #.# #.# #># #.# #.# #.#
#.###.#######.## #.# #)#
#............#.## #.# #.#
#####.#####.###.## #.#######.#


There were no monsters in sight!

Vanquished Creatures
  the Royal Jelly (Slime:5)
  A dread lich (Zot:5)
  5 ancient liches
  2 orbs of fire (Zot:5)
  Josephina (Crypt:3)
  Boris (twice) (Crypt:1 Crypt:3)
  Frederick (Depths:4)
  Vv (Crypt:1)
  A Killer Klown (Zot:5)
  Bai Suzhen (Crypt:1)
  A curse toe (Zot:4)
  4 caustic shrikes (Depths:4)
  Nikola (Spider:2)
  2 bone dragons
  9 golden dragons
  2 profane servitors
  An electric golem (Zot:5)
  An iron giant (Zot:2)
  An Ice Fiend (D:7)
  Zenata (Crypt:3)
  2 deep elf blademasters (Elf:3)
  19 tentacled monstrosities
  23 Orb Guardians
  A lich (Depths:2)
  5 titans
  2 walking divine tomes (Depths:4)
  8 quicksilver dragons
  2 deep elf master archers (Elf:3)
  4 sphinxes
  16 acid blobs
  Gastronok (Lair:3)
  9 death cobs
  8 ancient champions
  4 krakens (Shoals:3)
  Kirke (D:12)
  17 storm dragons
  8 shadow dragons
  3 tengu reavers (Vaults:5)
  14 draconian monks
  4 rockslimes
  3 revenants (Crypt:3)
  6 azure jellies
  7 frost giants
  9 draconian knights
  2 iron dragons
  11 vault wardens
  8 fire giants
  15 draconian scorchers
  5 deep elf sorcerers
  Aizul (Shoals:3)
  An emperor scorpion (Spider:4)
  5 curse skulls
  2 ghost moths
  8 draconian shifters
  3 deep elf elementalists (Elf:3)
  2 spectral caustic shrikes (Depths:3)
  2 caustic shrike zombies
  5 draconian stormcallers
  11 draconian annihilators
  20 ironbound preservers
  9 ghouls
  3 quicksilver oozes
  15 very ugly things
  14 stone giants
  5 vampire knights
  6 ironbound thunderhulks
  6 broodmothers (Spider:4)
  A juggernaut skeleton (Crypt:3)
  A formless jellyfish (Vaults:4)
  3 war gargoyles
  7 green draconians
  2 eleionomae (Shoals:4)
  13 black draconians
  Azrael (Lair:2)
  6 dire elephants
  9 deep elf demonologists
  8 deep elf annihilators
  10 purple draconians
  18 red draconians
  6 spark wasps
  16 white draconians
  12 yellow draconians
  A minotaur (Gauntlet)
  The ghost of anet the Cleaver, a journeyman HOCj of Beogh (Lair:1)
  5 merfolk javelineers
  2 pearl dragon zombies (Crypt:2)
  2 crystal guardians (Vaults:3)
  3 mummy priests
  13 jiangshi
  2 blizzard demons (IceCv)
  An ettin (shapeshifter) (Vaults:5)
  9 fire dragons
  22 ettins
  14 deep elf death magi
  3 eidola
  10 yaktaur captains
  4 deep elf high priests
  10 merfolk impalers
  9 great orbs of eyes
  A quicksilver dragon skeleton (Crypt:1)
  A fenstrider witch zombie (Crypt:2)
  31 vault guards
  Harold (D:11)
  A spriggan zombie (Crypt:3)
  A hydra (shapeshifter) (Vaults:5)
  13 ice dragons
  2 hell beasts (Depths:1)
  7 merfolk avatars
  A caustic shrike simulacrum (IceCv)
  2 peacekeepers
  6 hydras
  Fannar (Lair:2)
  5 entropy weavers
  2 rakshasas
  6 ironbound frosthearts
  7 centaur warriors
  2 ghost crabs (Shoals:1)
  Erica (D:8)
  2 alligator snapping turtles (Shoals:4)
  4 ogre magi
  4 catoblepae
  2 radroaches
  A jorogumo (Spider:2)
  10 merfolk aquamancers
  A death scarab (Zig:3)
  A spriggan skeleton (Crypt:3)
  8 boulder beetles
  4 satyrs
  3 death knights
  10 two-headed ogres
  7 deep troll shamans
  3 tengu warriors
  16 dancing weapons
  5 deep troll earth magi
  An orc high priest (Elf:3)
  Urug (Orc:2)
  4 death yaks (Lair:5)
  2 spriggan berserkers (Depths:2)
  8 vampire magi
  5 hell hogs
  Nergalle (Orc:1)
  7 hell knights
  16 deep elf knights
  A titan skeleton (Depths:1)
  2 pharaoh ants
  A shadow wraith (Crypt:3)
  3 sun demons
  5 skysharks
  6 soul eaters
  A sixfirhy (Gauntlet)
  13 skeletal warriors
  Lodul (D:14)
  2 sun moths (Spider:4)
  5 sea snakes
  64 deep trolls
  A skyshark (shapeshifter) (D:15)
  10 spriggan simulacra
  A deep troll (shapeshifter) (Vaults:5)
  6 iron trolls
  A fire crab (shapeshifter) (Vaults:5)
  14 orb spiders
  A quicksilver dragon simulacrum (Crypt:3)
  A golden dragon zombie (Crypt:1)
  2 glowing orange brains
  3 flayed ghosts
  9 wizards
  5 bog bodies
  19 deep elf archers
  A bunyip skeleton (Crypt:1)
  10 lindwurms
  An obsidian statue (IceCv)
  A kraken simulacrum (Shoals:4)
  An orc knight (Vaults:5)
  6 steelbarb worms
  16 harpies
  6 necromancers
  16 ironbound convokers
  Pikel (D:7)
  A fenstrider witch simulacrum (Crypt:3)
  9 phantasmal warriors
  A harpy (shapeshifter) (Vaults:5)
  28 deep elf zephyrmancers
  3 shining eyes
  17 wolf spiders
  A wolf spider zombie (Crypt:2)
  A broodmother zombie (Crypt:3)
  33 deep elf pyromancers
  19 manticores
  9 orc sorcerers (Orc:2)
  An iron dragon skeleton (Depths:2)
  36 ugly things
  7 cyclopes
  4 oklob plants (Lair:4)
  A fire giant zombie (Depths:2)
  4 apis skeletons (Crypt:2)
  36 moths of wrath
  31 fauns
  An eye of devastation (Slime:4)
  An elephant (shapeshifter) (Vaults:5)
  A water nymph (shapeshifter) (Depths:1)
  12 merfolk sirens
  3 black mambas
  2 molten gargoyles (Lair:4)
  5 elephants (Lair:5)
  6 torpor snails
  A guardian serpent (D:13)
  9 water nymphs
  17 vault sentinels
  3 smoke demons (Depths:1)
  6 demonic crawlers
  10 cane toads
  A minotaur zombie (Gauntlet)
  An unseen horror (shapeshifter) (D:14)
  An orange demon (Depths:1)
  2 dire elephant skeletons
  4 kobold demonologists
  A hellion (Depths:1)
  2 rime drakes
  8 freezing wraiths
  12 komodo dragons
  An unseen horror (D:10)
  9 ice devils (IceCv)
  An orb spider zombie (Crypt:2)
  27 yaktaurs
  5 guardian mummies
  An anaconda simulacrum (IceCv)
  2 tengu conjurers
  2 efreet
  A golden dragon simulacrum (IceCv)
  3 trolls
  3 polar bears
  A minotaur skeleton (Crypt:2)
  A yellow draconian skeleton (Crypt:3)
  4 spectral merfolk (Shoals:1)
  A queen bee (Lair:1)
  51 merfolk
  2 shadow dragon simulacra
  A harpy zombie (Crypt:3)
  6 meliai
  15 tarantellas
  A sphinx simulacrum (Depths:2)
  A hornet (Lair:1)
  A hydra skeleton (Crypt:3)
  24 blink frogs
  7 wind drakes
  3 wind drakes (shapeshifter)
  5 snapping turtles
  A death drake skeleton (Crypt:3)
  10 dream sheep
  A fire giant simulacrum (Depths:1)
  110 slime creatures
  A slime creature (shapeshifter) (Vaults:5)
  8 flying skulls
  30 jumping spiders
  22 culicivoras
  4 shadows
  A centaur simulacrum (D:14)
  A vampire (D:10)
  12 water elementals
  A spriggan (D:11)
  7 wyverns
  An ettin skeleton (Crypt:3)
  5 ushabtiu (Crypt:3)
  2 air elementals
  8 wraiths
  An ice dragon skeleton (Crypt:1)
  45 yaks
  4 fire elementals
  3 basilisks (Lair:1)
  2 golden eyes (Slime:5)
  A hog (D:12)
  A human (shapeshifter) (D:14)
  Grum (D:10)
  33 redbacks
  5 minotaur simulacra (IceCv)
  4 vampire mosquitoes
  3 acid dragons
  2 harpy simulacra (IceCv)
  A warg (Orc:1)
  2 hydra simulacra
  13 water moccasins
  A glowing shapeshifter zombie (Depths:1)
  2 hell hounds
  2 floating eyes (shapeshifter)
  A faun skeleton (Crypt:3)
  16 orc warriors
  Pargi (D:3)
  An ice beast (D:6)
  A meliai simulacrum (D:15)
  An alligator simulacrum (IceCv)
  An ettin simulacrum (IceCv)
  5 black bears
  19 ogres
  An elephant zombie (Crypt:2)
  10 wolves
  10 centaurs
  3 lemures (D:7)
  A draconian zombie (Crypt:1)
  2 phantoms
  2 kobold brigands
  19 bullfrogs
  2 necrophages
  3 earth elementals (Elf:3)
  2 gnoll sergeants
  5 scorpions
  12 deep troll simulacra
  9 wights
  9 killer bees
  2 lindwurm simulacra (IceCv)
  3 howler monkeys (D:9)
  9 electric eels
  5 lava snakes (Lair:4)
  A wolf skeleton (Crypt:1)
  2 jellies
  2 hounds (D:6)
  2 gnoll boudas
  11 orc priests
  Jessica (D:3)
  A black bear skeleton (Crypt:2)
  A boggart zombie (Crypt:1)
  Natasha (thrice) (D:4)
  33 orc wizards
  A mummy (Zig:3)
  Robin (D:2)
  24 gnolls
  5 adders
  2 shadow imps
  A white imp (D:5)
  4 ufetubi
  A worm (shapeshifter) (Elf:3)
  A worm (D:5)
  4 dart slugs
  43 orcs
  9 ball pythons
  6 endoplasms
  4 giant cockroaches
  41 goblins
  31 hobgoblins
  8 jackals
  5 quokkas
  4 bats
  2 frilled lizards
  A jackal skeleton (Crypt:3)
  16 kobolds
  A kobold skeleton (Crypt:1)
  5 rats
  14 tentacles (Shoals:3)
2378 creatures vanquished.

Vanquished Creatures (collateral kills)
  An ancient lich (Vaults:5)
  Margery (Vaults:3)
  A Brimstone Fiend (Zot:2)
  A lich (Vaults:5)
  A tentacled monstrosity (Vaults:5)
  An acid blob (Slime:5)
  A tengu reaver (Vaults:5)
  A shadow dragon (Vaults:5)
  A draconian monk (Zot:2)
  A demonspawn warmonger (Zot:2)
  3 vault wardens
  A reaper (Zot:2)
  2 stone giants (Vaults:5)
  An ironbound thunderhulk (Vaults:4)
  A yellow draconian (Depths:4)
  An ettin (Vaults:5)
  A jiangshi (Crypt:1)
  2 merfolk impalers (Shoals:4)
  A vault guard (Vaults:5)
  An entropy weaver (Spider:3)
  A hydra (D:14)
  A boulder beetle (Spider:3)
  2 hell knights (Vaults:3)
  2 deep trolls (Vaults:3)
  An orb spider (Spider:3)
  A phantasmal warrior (D:14)
  A harpy (Shoals:4)
  3 ironbound convokers
  A deep elf pyromancer (D:14)
  2 wolf spiders
  An orc sorcerer (Vaults:5)
  An elephant (D:8)
  An apocalypse crab (Gauntlet)
  A vault sentinel (Vaults:4)
  A torpor snail (Spider:4)
  A kobold demonologist (D:14)
  3 yaktaurs (Vaults:4)
  A meliai (Spider:4)
  3 tarantellas
  A merfolk (Shoals:4)
  A wind drake (Shoals:4)
  9 slime creatures
  A snapping turtle (Shoals:4)
  3 flying skulls
  A culicivora (Spider:4)
  A jumping spider (Spider:3)
  A basilisk (D:14)
  A black bear (D:8)
  A bullfrog (D:8)
  A tentacle (Shoals:3)
73 creatures vanquished.

Vanquished Creatures (others)
  2 draconian knights
  A ghost moth (Zot:4)
  An entropy weaver (Spider:3)
  A fire dragon (Zot:2)
  A death yak (Lair:5)
  A sun moth (Spider:4)
  A pharaoh ant (Spider:4)
  2 manticores
  A yaktaur (Vaults:2)
  An efreet (D:13)
  A catoblepas simulacrum (Crypt:3)
  47 tentacles (Shoals:3)
60 creatures vanquished.

Grand Total: 2511 creatures vanquished

Notes
Turn   | Place    | Note
-------+----------+-------------------------------------------
     0 | D:1      | EnegeticOcto the Demonspawn Artificer began the quest for
                  | the Orb.
     0 | D:1      | Reached XP level 1. HP: 15/15 MP: 1/1
     9 | D:1      | Got the Lectures on Bolts and the Volcano
    29 | D:1      | Reached skill level 1 in Stealth
    85 | D:1      | Reached skill level 2 in Stealth
    85 | D:1      | Gained mutation: You may rarely emit foul miasma when
                  | damaged in melee. [demonic ancestry]
    85 | D:1      | Reached XP level 2. HP: 12/21 MP: 2/2
   410 | D:1      | Reached skill level 3 in Stealth
   410 | D:1      | Gained mutation: You regenerate magic rapidly. [demonic
                  | ancestry]
   410 | D:1      | Reached XP level 3. HP: 26/26 MP: 3/3
  1017 | D:2      | Reached skill level 2 in Fighting
  1195 | D:2      | Gained mutation: When hurt, damage is shared between your
                  | health and your magic reserves. [demonic ancestry]
  1195 | D:2      | Reached XP level 4. HP: 31/34 MP: 4/4
  1221 | D:2      | Noticed Robin
  1242 | D:2      | Killed Robin
  1243 | D:2      | Reached skill level 3 in Fighting
  1936 | D:3      | Noticed Pargi
  2354 | D:3      | Noticed Jessica
  2364 | D:3      | Killed Jessica
  2365 | D:3      | Reached skill level 4 in Fighting
  2365 | D:3      | Reached XP level 5. HP: 39/42 MP: 5/5
  2792 | D:3      | Killed Pargi
  2793 | D:3      | Reached skill level 5 in Fighting
  3026 | D:4      | Found a staircase to the Ecumenical Temple.
  3037 | Temple   | Entered the Ecumenical Temple
  3104 | Temple   | Became a worshipper of Makhleb the Destroyer
  3332 | D:4      | Noticed Natasha
  3335 | D:4      | Killed Natasha
  3336 | D:4      | Reached skill level 1 in Invocations
  3336 | D:4      | Reached XP level 6. HP: 51/51 MP: 6/6
  3491 | D:4      | Noticed Natasha
  3507 | D:4      | Reached skill level 2 in Invocations
  3712 | D:4      | Reached skill level 3 in Invocations
  3718 | D:4      | Reached * piety under Makhleb
  3957 | D:4      | Reached skill level 6 in Fighting
  3957 | D:4      | Gained mutation: You have large cloven feet. [demonic
                  | ancestry]
  3957 | D:4      | Reached XP level 7. HP: 45/58 MP: 7/9
  3964 | D:4      | Reached ** piety under Makhleb
  4043 | D:4      | Reached skill level 4 in Invocations
  4101 | D:4      | Killed Natasha
  4694 | D:4      | Found a staircase to the Ecumenical Temple.
  4746 | D:4      | Noticed Natasha
  4754 | D:4      | Killed Natasha
  5490 | D:5      | Entered Level 5 of the Dungeon
  5499 | D:4      | Reached skill level 5 in Invocations
  5664 | D:5      | Reached skill level 6 in Invocations
  5922 | D:5      | Reached skill level 7 in Invocations
  5944 | D:5      | Reached *** piety under Makhleb
  5966 | D:5      | Reached skill level 8 in Invocations
  5966 | D:5      | Reached XP level 8. HP: 64/64 MP: 11/14
  6645 | D:6      | Reached skill level 9 in Invocations
  6667 | D:6      | Found a hazy altar of Hepliaklqana.
  6748 | D:6      | Reached skill level 4 in Stealth
  6877 | D:6      | Found a stormy altar of Qazlal.
  6939 | D:6      | Reached skill level 5 in Stealth
  6961 | D:6      | Reached skill level 10 in Invocations
  7345 | D:7      | Found Pynkiwi's Antique Armour Shoppe.
  7354 | D:7      | Found a shadowy altar of Dithmenos.
  7372 | D:7      | Reached skill level 11 in Invocations
  7474 | D:7      | Reached skill level 1 in Shields
  7474 | D:7      | Gained mutation: You have hoof-like feet. [demonic
                  | ancestry]
  7474 | D:7      | Reached XP level 9. HP: 67/69 MP: 14/17
  7590 | D:7      | Noticed Pikel
  7601 | D:7      | Killed Pikel
  7602 | D:7      | Reached skill level 3 in Shields
  7610 | D:7      | Reached skill level 12 in Invocations
  7839 | D:7      | Reached skill level 4 in Shields
  7839 | D:7      | Reached **** piety under Makhleb
  7921 | D:8      | Reached skill level 13 in Invocations
  8139 | D:8      | Noticed a two-headed ogre
  8150 | D:8      | Noticed an elephant
  8163 | D:8      | Killed a two-headed ogre
  8164 | D:8      | Reached skill level 7 in Fighting
  8164 | D:8      | Reached XP level 10. HP: 62/80 MP: 13/19
  8168 | D:8      | Reached skill level 8 in Fighting
  8169 | D:8      | Killed an elephant
  8228 | D:8      | Found a sparkling altar of Nemelex Xobeh.
  8247 | D:8      | Reached skill level 9 in Fighting
  8279 | D:8      | Found a hide-covered altar of Uskayaw.
  8319 | D:8      | Reached skill level 4 in Evocations
  8477 | D:8      | Noticed Erica
  8479 | D:8      | Killed Erica
  8480 | D:8      | Reached skill level 5 in Evocations
  8511 | D:8      | Found a staircase to the Lair.
  8561 | D:8      | Found Neseli's Jewellery Boutique.
  8656 | D:9      | Reached skill level 6 in Evocations
  8701 | D:9      | Noticed a two-headed ogre
  8708 | D:9      | Killed a two-headed ogre
  8709 | D:9      | Reached skill level 14 in Invocations
  8815 | D:9      | Found Vycrutro's Assorted Antiques.
  8825 | D:9      | Bought a twisted rapier for 270 gold pieces
  8825 | D:9      | Identified the +6 rapier of Obsession {freeze, rN+ rCorr}
                  | (You bought it in a shop on level 9 of the Dungeon)
  8915 | D:9      | Found a sacrificial altar of Ru.
  8980 | D:9      | Noticed a deep elf pyromancer
  8981 | D:9      | Killed a deep elf pyromancer
  8982 | D:9      | Reached skill level 15 in Invocations
  8982 | D:9      | Reached skill level 1 in Dodging
  8982 | D:9      | Gained mutation: You have hooves in place of feet. [demonic
                  | ancestry]
  8982 | D:9      | Reached XP level 11. HP: 84/89 MP: 22/22
  8982 | D:9      | Noticed a necromancer
  8987 | D:9      | Killed a necromancer
  9237 | D:10     | Entered Level 10 of the Dungeon
  9262 | D:10     | Reached skill level 2 in Dodging
  9267 | D:10     | Reached ***** piety under Makhleb
  9447 | D:10     | Noticed Grum
  9449 | D:10     | Noticed a two-headed ogre
  9453 | D:10     | Killed a two-headed ogre
  9454 | D:10     | Reached skill level 3 in Dodging
  9454 | D:10     | Reached skill level 5 in Shields
  9455 | D:10     | Killed Grum
  9549 | D:10     | Noticed a two-headed ogre
  9553 | D:10     | Killed a two-headed ogre
  9561 | D:10     | Reached skill level 10 in Fighting
  9716 | D:10     | Found a portal to a secret trove of treasure.
  9850 | Lair:1   | Entered Level 1 of the Lair of Beasts
  9861 | Lair:1   | Reached skill level 4 in Dodging
  9864 | Lair:1   | Reached skill level 6 in Shields
  9959 | Lair:1   | Reached skill level 7 in Shields
 10185 | Lair:1   | Reached skill level 8 in Shields
 10185 | Lair:1   | Reached skill level 2 in Armour
 10252 | Lair:1   | Identified the +6 dagger of Nesuob {drain, Drain Fly rPois
                  | Will+}
 10295 | Lair:1   | Reached skill level 3 in Armour
 10295 | Lair:1   | Reached XP level 12. HP: 91/97 MP: 23/23
 10378 | Lair:1   | Found a transporter.
 10378 | Lair:1   | Found a transporter.
 10644 | Lair:1   | Reached skill level 4 in Armour
 10957 | Lair:2   | Reached skill level 16 in Invocations
 11175 | Lair:2   | Reached skill level 17 in Invocations
 11269 | Lair:2   | Noticed Fannar
 11284 | Lair:2   | Killed Fannar
 11332 | Lair:2   | Reached skill level 18 in Invocations
 11724 | Lair:2   | Found a hole to the Spider Nest.
 11887 | Lair:3   | Noticed a boulder beetle
 11988 | Lair:3   | Found a staircase to the Shoals.
 12093 | Lair:3   | Reached skill level 19 in Invocations
 12100 | Lair:3   | Reached ****** piety under Makhleb
 12142 | Lair:3   | Gained mutation: When low on magic, you restore magic in
                  | place of health. [demonic ancestry]
 12142 | Lair:3   | Reached XP level 13. HP: 99/103 MP: 26/26
 12218 | Lair:3   | Noticed Gastronok
 12231 | Lair:3   | Killed Gastronok
 12433 | Lair:3   | Reached skill level 20 in Invocations
 13528 | Lair:4   | Reached skill level 11 in Fighting
 14380 | Lair:5   | Entered Level 5 of the Lair of Beasts
 14410 | Lair:5   | Reached skill level 21 in Invocations
 15248 | Lair:5   | Reached skill level 12 in Fighting
 15872 | Lair:5   | Reached XP level 14. HP: 110/115 MP: 28/28
 16073 | Lair:5   | Reached skill level 22 in Invocations
 16090 | Lair:5   | Identified the staff of cold "Bocwuduw" {rC+ Will- rCorr
                  | Int-3 Stlth+}
 16357 | D:11     | Found a gate leading to a gauntlet.
 16366 | Gauntlet | Entered a Gauntlet
 16366 | Gauntlet | Found a transporter.
 16366 | Gauntlet | Found a transporter.
 16388 | Gauntlet | Found a transporter.
 16395 | Gauntlet | Found a runed translucent door.
 16398 | Gauntlet | Found a transporter.
 16400 | Gauntlet | Found a transporter.
 16409 | Gauntlet | Found a transporter.
 16425 | Gauntlet | Found a transporter.
 16440 | Gauntlet | Found a transporter.
 16444 | Gauntlet | Found a transporter.
 16455 | Gauntlet | Found a transporter.
 16456 | Gauntlet | Found a transporter.
 16480 | Gauntlet | Found a transporter.
 16658 | Gauntlet | Identified the +2 pair of gloves of Dyspraxia {Fly rN+
                  | rCorr Slay-2}
 16741 | Gauntlet | Identified the ring of Quterint {rPois rN+ Int+4}
 17330 | D:11     | Reached skill level 13 in Fighting
 17822 | D:11     | Noticed Harold
 17824 | D:11     | Killed Harold
 18005 | D:12     | Found a staircase to the Orcish Mines.
 18484 | D:12     | Noticed Kirke
 18488 | D:12     | Killed Kirke
 18494 | D:12     | You are sucked into a shaft and drop 3 floors!
 18494 | D:15     | Entered Level 15 of the Dungeon
 18654 | D:15     | Reached skill level 23 in Invocations
 18768 | D:15     | Found the +12 glaive of Prune {freeze, Prune}
 19197 | D:15     | Identified a scroll of acquirement
 19199 | D:15     | Acquired a manual of Armour
 19235 | D:15     | Reached skill level 14 in Fighting
 19240 | D:15     | Reached skill level 5 in Armour
 19877 | Orc:1    | Entered Level 1 of the Orcish Mines
 19967 | Orc:1    | Reached skill level 6 in Armour
 20128 | Orc:2    | Entered Level 2 of the Orcish Mines
 20435 | Orc:2    | Noticed Urug
 20452 | Orc:2    | Killed Urug
 20453 | Orc:2    | Gained mutation: You are partially covered in icy blue
                  | scales. (AC +2) [demonic ancestry]
 20453 | Orc:2    | Reached XP level 15. HP: 110/126 MP: 27/30
 20471 | Orc:2    | Found a staircase to the Elven Halls.
 20479 | Orc:2    | Found a runed translucent door.
 20479 | Orc:2    | Noticed confidenceinterval's ghost (journeyman DsIE)
 21107 | Orc:1    | Noticed Maurice
 21107 | Orc:1    | Noticed Nergalle
 21111 | Orc:1    | Maurice changed into Maurice the jelly
 21111 | Orc:1    | Noticed Maurice
 21116 | Orc:1    | Killed Maurice the jelly
 21127 | Orc:1    | Reached skill level 1 in Polearms
 21135 | Orc:1    | Killed Nergalle
 21136 | Orc:1    | Reached skill level 7 in Armour
 21314 | Orc:2    | Found a radiant altar of Vehumet.
 21341 | Orc:2    | Found Ruatasotz's Antique Armour Shop.
 21361 | Orc:2    | Reached skill level 2 in Polearms
 21443 | Orc:2    | Found Rikhlo's Book Boutique.
 21456 | Orc:2    | Found Poiluen's Antique Armour Boutique.
 21472 | Orc:2    | Found Reac's Magic Scroll Shop.
 21487 | Orc:2    | Bought a scroll of blinking for 135 gold pieces
 21487 | Orc:2    | Bought a scroll of blinking for 135 gold pieces
 21487 | Orc:2    | Bought a scroll of vulnerability for 72 gold pieces
 21489 | Orc:2    | Bought a scroll of magic mapping for 135 gold pieces
 21489 | Orc:2    | Bought a scroll of identify for 36 gold pieces
 21515 | Orc:2    | Found an ancient bone altar of Kikubaaqudgha.
 21552 | Orc:2    | Bought a glimmering scale mail for 288 gold pieces
 21552 | Orc:2    | Identified the +3 scale mail of Agnosticism {Rampage} (You
                  | bought it in a shop on level 2 of the Orcish Mines)
 21553 | Orc:2    | Bought a faintly humming scale mail for 288 gold pieces
 21553 | Orc:2    | Identified the +6 scale mail of Marbles {Str+4} (You bought
                  | it in a shop on level 2 of the Orcish Mines)
 21768 | D:13     | Found a gate to the Vaults.
 22021 | D:13     | Reached skill level 8 in Armour
 22130 | D:13     | Found a runed translucent gate.
 22130 | D:13     | Found a runed translucent gate.
 22130 | D:13     | Found a runed translucent gate.
 22142 | D:13     | Reached skill level 3 in Polearms
 22242 | D:13     | Noticed dazzle's ghost (journeyman NaIE)
 22257 | D:13     | Found Wecs's Serpentskin Sales.
 22349 | D:13     | Reached skill level 24 in Invocations
 22519 | D:14     | Noticed Lodul
 22526 | D:14     | Killed Lodul
 22632 | D:14     | Reached skill level 4 in Polearms
 22632 | D:14     | Reached skill level 9 in Armour
 22998 | D:14     | Found a runed translucent gate.
 22998 | D:14     | Found a runed translucent gate.
 22998 | D:14     | Found a runed translucent gate.
 23003 | D:14     | Noticed a sphinx
 23004 | D:14     | Noticed a fire giant
 23484 | D:14     | Reached skill level 5 in Polearms
 23484 | D:14     | Reached skill level 10 in Armour
 23765 | D:14     | Found a runed translucent gate.
 23765 | D:14     | Found a runed translucent gate.
 23765 | D:14     | Found a runed translucent gate.
 24162 | D:15     | Found a staircase to the Depths.
 24380 | D:15     | Reached skill level 6 in Polearms
 25062 | Shoals:1 | Entered Level 1 of the Shoals
 25673 | Shoals:1 | Reached skill level 25 in Invocations
 25673 | Shoals:1 | Gained mutation: You sometimes emit foul miasma when
                  | damaged in melee. [demonic ancestry]
 25673 | Shoals:1 | Reached XP level 16. HP: 129/132 MP: 28/32
 25794 | Shoals:1 | Reached skill level 7 in Polearms
 26271 | Shoals:2 | Reached skill level 8 in Polearms
 26803 | Shoals:2 | Identified the +1 battleaxe "Neig" {drain, *Slow +Blink
                  | rPois}
 27036 | Shoals:2 | Reached skill level 9 in Polearms
 27175 | Shoals:3 | Noticed a kraken
 27632 | Shoals:2 | Reached skill level 10 in Polearms
 27899 | Shoals:3 | Noticed a kraken
 27915 | Shoals:3 | Killed a kraken
 27922 | Shoals:3 | Killed a kraken
 28368 | Shoals:3 | Reached skill level 11 in Polearms
 28820 | Shoals:3 | Noticed Aizul
 28827 | Shoals:3 | Killed Aizul
 29234 | Shoals:4 | Entered Level 4 of the Shoals
 29708 | Lair:1   | Noticed anet's ghost (journeyman HOCj)
 29764 | Lair:1   | Paralysed by a hornet for 3 turns
 29778 | Lair:1   | Killed anet's ghost
 29780 | Lair:1   | Paralysed by a hornet for 1 turns
 30055 | Lair:4   | Found a staircase to the Slime Pits.
 31031 | D:14     | Reached skill level 12 in Polearms
 31051 | D:14     | Killed a sphinx
 31892 | Shoals:3 | Found a runed translucent door.
 31893 | Shoals:3 | Noticed a kraken
 32033 | Shoals:3 | Killed a kraken
 32135 | Shoals:3 | Reached XP level 17. HP: 108/132 MP: 23/33
 32245 | Shoals:3 | Noticed a kraken
 32517 | Shoals:3 | Reached skill level 7 in Evocations
 32641 | Shoals:3 | Killed a kraken
 32912 | Shoals:4 | Reached skill level 13 in Polearms
 32935 | Shoals:4 | Identified the amulet of Dojol {Drain rF- rC+++ Regen+
                  | Dex+2}
 33099 | Shoals:4 | Reached skill level 8 in Evocations
 33238 | Shoals:4 | Identified the +5 orcbow of Wyrd {flame, SInv Stlth+}
 34110 | Shoals:4 | Reached skill level 9 in Evocations
 34437 | Shoals:4 | Got a barnacled rune of Zot
 34539 | Shoals:4 | Reached skill level 14 in Polearms
 34565 | Shoals:4 | Reached skill level 10 in Evocations
 34870 | Shoals:4 | Identified the +7 longbow "Quppaeho" {freeze, Dex+8}
 34872 | Shoals:4 | Got the Omnibus of Fire and Poison
 35055 | Spider:1 | Entered Level 1 of the Spider Nest
 35055 | Spider:1 | Noticed Azrael
 35073 | Lair:2   | Killed Azrael
 35173 | Lair:2   | Reached skill level 11 in Evocations
 35922 | Spider:2 | Noticed Nikola
 35936 | Spider:2 | Killed Nikola
 35984 | Spider:2 | Found a frozen archway.
 36013 | IceCv    | Entered an ice cave
 36164 | IceCv    | Reached skill level 12 in Evocations
 36533 | IceCv    | Gained mutation: You are mostly covered in icy blue scales.
                  | (AC +3) [demonic ancestry]
 36533 | IceCv    | Reached XP level 18. HP: 135/146 MP: 29/34
 37083 | IceCv    | Reached skill level 9 in Shields
 37098 | IceCv    | Found the +4 consecrated labrys {holy, Valiant Fragile Fly
                  | SInv}
 37385 | IceCv    | Identified the +0 pair of boots of the Lobster {Contam Fly
                  | rF+}
 38400 | Spider:2 | Reached skill level 10 in Shields
 39148 | Spider:3 | Reached skill level 11 in Shields
 39333 | Spider:3 | Found a large runed translucent door.
 39333 | Spider:3 | Found a large runed translucent door.
 39337 | Spider:3 | Noticed Apeheil's ghost (adept HuAr)
 39460 | Spider:3 | Identified the +0 ring mail of Sebom {Harm Regen+ Slay+3
                  | SInv}
 39720 | Spider:4 | Entered Level 4 of the Spider Nest
 39792 | Spider:4 | Reached skill level 12 in Shields
 39812 | Spider:4 | Reached skill level 11 in Armour
 40274 | Spider:4 | Reached skill level 12 in Armour
 40357 | Spider:4 | Got a gossamer rune of Zot
 40897 | Orc:2    | Bought a shiny plate armour for 832 gold pieces
 41044 | Vaults:1 | Entered Level 1 of the Vaults
 41154 | Vaults:1 | Reached skill level 15 in Fighting
 41154 | Vaults:1 | Gained mutation: Your presence sometimes corrodes those you
                  | injure. [demonic ancestry]
 41154 | Vaults:1 | Reached XP level 19. HP: 155/155 MP: 35/35
 41504 | Vaults:1 | Found Dechavy's Book Shop.
 41617 | Vaults:1 | Reached skill level 13 in Armour
 42587 | Vaults:2 | Reached skill level 16 in Fighting
 42828 | Vaults:2 | Reached skill level 14 in Armour
 42971 | Vaults:2 | Found Cuism's Book Boutique.
 43227 | Vaults:2 | Reached skill level 17 in Fighting
 43922 | Vaults:3 | Noticed Margery
 43929 | Vaults:3 | Paralysed by a great orb of eyes for 5 turns
 44091 | Vaults:3 | Killed Margery
 44093 | Vaults:3 | Reached skill level 18 in Fighting
 44104 | Vaults:3 | Gained mutation: You frequently emit foul miasma when
                  | damaged in melee. [demonic ancestry]
 44104 | Vaults:3 | Reached XP level 20. HP: 120/168 MP: 23/36
 44309 | Vaults:3 | You are sucked into a shaft and drop 1 floor!
 44351 | Vaults:4 | Reached skill level 5 in Dodging
 44824 | Vaults:4 | Paralysed by a formless jellyfish for 1 turns
 44873 | Vaults:4 | Reached skill level 6 in Dodging
 45080 | Vaults:4 | Reached skill level 7 in Dodging
 45109 | Vaults:4 | Reached skill level 19 in Fighting
 45821 | Vaults:3 | Noticed a golden dragon
 45840 | Vaults:3 | Killed a golden dragon
 46054 | Vaults:3 | Found a staircase to the Crypt.
 46908 | Depths:1 | Entered Level 1 of the Depths
 47043 | Depths:1 | Found Nuith's Magic Scroll Emporium.
 47051 | Depths:1 | Bought a scroll of blinking for 112 gold pieces
 47051 | Depths:1 | Bought a scroll of butterflies for 60 gold pieces
 47136 | Depths:1 | Found Raor's Book Boutique.
 47136 | Depths:1 | Found Nazxoum's Jewellery Shoppe.
 47137 | Depths:1 | Found Guank's Book Boutique.
 47155 | Depths:1 | Reached skill level 20 in Fighting
 47502 | Depths:1 | Noticed a golden dragon
 47528 | Depths:1 | Killed a golden dragon
 47724 | Depths:1 | Identified a ring "Fietsauh" {Dex+4 SInv Stlth+}
 47827 | Depths:1 | Reached skill level 15 in Armour
 47827 | Depths:1 | Found a gateway to Hell.
 47994 | Depths:1 | Found a one-way gate leading to the halls of Pandemonium.
 48207 | Depths:2 | Reached XP level 21. HP: 183/183 MP: 31/37
 48652 | Depths:2 | Identified the +9 halberd of Ufras {flame, rN+ Will- Dex+3}
 48863 | Depths:2 | Reached skill level 16 in Armour
 48873 | Depths:2 | Noticed a golden dragon
 48886 | Depths:2 | Killed a golden dragon
 49063 | Depths:2 | Found a one-way gate to the infinite horrors of the Abyss.
 49312 | Depths:2 | Identified the staff of fire "Noxteol" {rElec rF+ rCorr
                  | Dex+4}
 49315 | Depths:2 | Got the Omnibus of Exhalation and Command
 49500 | D:10     | You paid a toll of +2 gold dragon scales to enter a
                  | treasure trove
 49501 | Trove    | Entered a treasure trove
 49544 | Trove    | Got Sif Muna's Omnibus of Charmed Position
 49557 | Trove    | Got Sif Muna's Tome of the Union
 50166 | Depths:3 | Reached skill level 13 in Shields
 50271 | Depths:3 | Reached skill level 8 in Dodging
 50338 | Depths:3 | Reached skill level 9 in Dodging
 50349 | Depths:3 | You are sucked into a shaft and drop 1 floor!
 50349 | Depths:4 | Entered Level 4 of the Depths
 50349 | Depths:4 | Noticed Frederick
 50361 | Depths:4 | Killed Frederick
 50693 | Depths:4 | Reached skill level 10 in Dodging
 50943 | Depths:4 | Reached skill level 11 in Dodging
 51009 | Depths:4 | Found a one-way gateway to a ziggurat.
 51191 | Depths:4 | Noticed a caustic shrike
 51193 | Depths:4 | Noticed a caustic shrike
 51197 | Depths:4 | Noticed a caustic shrike
 51199 | Depths:4 | Noticed a caustic shrike
 51218 | Depths:4 | Killed a caustic shrike
 51219 | Depths:4 | Reached skill level 12 in Dodging
 51232 | Depths:4 | Killed a caustic shrike
 51245 | Depths:4 | Killed a caustic shrike
 51277 | Depths:4 | Killed a caustic shrike
 51345 | Depths:4 | Reached skill level 13 in Dodging
 51783 | Depths:4 | Reached skill level 14 in Dodging
 51910 | Depths:4 | Found a gate to the Realm of Zot.
 52701 | Depths:3 | Gained mutation: You are completely covered in icy blue
                  | scales. (AC +4, rC+) [demonic ancestry]
 52701 | Depths:3 | Reached XP level 22. HP: 178/179 MP: 38/38
 52711 | Depths:3 | Reached skill level 15 in Dodging
 52981 | Elf:1    | Entered Level 1 of the Elven Halls
 53620 | Elf:1    | Paralysed by an air elemental for 1 turns
 53823 | Elf:1    | Found Giop's Magic Scroll Shoppe.
 53827 | Elf:1    | Found Guegaamm's Distillery.
 53827 | Elf:1    | Found Moekkis's Armour Shoppe.
 53835 | Elf:1    | Found Zuaxzueh's Armour Emporium.
 53837 | Elf:1    | Bought a scroll of fear for 60 gold pieces
 53837 | Elf:1    | Bought a scroll of fog for 60 gold pieces
 53857 | Elf:1    | Reached skill level 13 in Evocations
 53865 | Elf:1    | Bought a potion of heal wounds for 95 gold pieces
 53865 | Elf:1    | Bought a potion of heal wounds for 95 gold pieces
 53865 | Elf:1    | Bought a potion of might for 76 gold pieces
 53871 | Elf:1    | Bought the +3 warlock's mirror {omnireflect} for 560 gold
                  | pieces
 53871 | Elf:1    | Found the +3 warlock's mirror {omnireflect}
 54159 | Depths:1 | Bought an amulet of reflection for 390 gold pieces
 54419 | Elf:1    | Found a large runed translucent door.
 54420 | Elf:1    | Found a large runed translucent door.
 54420 | Elf:1    | Noticed Catuneh's ghost (adept MiFi)
 54752 | Elf:1    | Got the Compilation of Trauma and the Flock
 55036 | Elf:2    | Found a runed translucent gate.
 55041 | Elf:2    | Reached skill level 14 in Evocations
 55044 | Elf:2    | Found a runed translucent gate.
 55044 | Elf:2    | Found a runed translucent gate.
 55086 | Elf:2    | Found a radiant altar of Vehumet.
 55523 | Elf:2    | Found Mungu's Antique Weapon Boutique.
 55659 | Elf:1    | Found a radiant altar of Vehumet.
 55692 | Elf:3    | Entered Level 3 of the Elven Halls
 55864 | Elf:3    | Reached skill level 15 in Evocations
 56090 | Elf:3    | Found Debbexix's Jewellery Shoppe.
 56991 | Elf:3    | Identified the ring "Eby Ateb" {rElec rF+ rCorr}
 57048 | Elf:3    | Identified the +4 dagger "Impbane" {heavy, rN+}
 57315 | Elf:3    | Identified the amulet "Pyic" {rF++ Regen+ rCorr}
 57384 | Elf:3    | Identified the +11 glaive "Osongupn" {drain, Will+}
 57401 | Elf:3    | Reached skill level 21 in Fighting
 57418 | Elf:3    | Identified the staff of air "Cianaito" {Fragile rElec rF+
                  | Int+3 Dex+5}
 57506 | Elf:3    | Identified the +1 pair of boots "Lutarch" {rCorr Str+3
                  | Int+4 Slay-5}
 57517 | Elf:3    | Identified the +3 morningstar "Orchas" {spect, Will- Str-5
                  | Dex+10}
 57539 | Elf:3    | Identified the +0 sling of Kismet {flame, rC+ Str+3}
 57540 | Elf:3    | Identified the staff of death "Rugoynec" {rN+ Int+3}
 57543 | Elf:3    | Got the Precepts of Loathsome Coordinates
 57544 | Elf:3    | Identified the staff of fire "Usir" {rF+ Will- Int+4}
 57552 | Elf:3    | Identified the +10 great sword of Valour {vamp, rN+ Int+3}
 57948 | Vaults:5 | Entered Level 5 of the Vaults
 58288 | Vaults:5 | Gained mutation: Your presence sometimes corrodes or
                  | deforms those you injure. [demonic ancestry]
 58288 | Vaults:5 | Reached XP level 23. HP: 202/202 MP: 37/39
 58594 | Vaults:5 | Reached skill level 22 in Fighting
 58641 | Vaults:5 | Identified the +6 sling "Jocecs" {antimagic, *Slow rElec
                  | rC+++ Str+3}
 58722 | Vaults:5 | Identified the amulet "Ubuw Ota" {Regen+ Slay+5}
 59042 | Vaults:5 | Reached skill level 23 in Fighting
 59044 | Vaults:5 | Identified the ring of Ilobroem {rElec Str+8 Int+2 Dex-3
                  | Slay+4}
 59233 | Vaults:5 | Identified the +0 robe "Tathin" {Harm +Blink rCorr Str-3}
 59247 | Vaults:5 | Identified the +1 hat "Kelun" {Int+3}
 59329 | Vaults:5 | Got Sif Muna's Book of Unstable Portals
 59515 | Vaults:5 | Got a silver rune of Zot
 59805 | Vaults:5 | Noticed an ancient lich
 59821 | Vaults:5 | Killed an ancient lich
 59829 | Vaults:5 | Noticed an ancient lich
 59847 | Vaults:5 | Reached skill level 24 in Fighting
 59856 | Vaults:5 | Killed an ancient lich
 60015 | Vaults:5 | Identified the staff of fire "Citrim" {rF+ Dex+5}
 60032 | Vaults:5 | Identified the staff of cold "Ymeipute" {rPois rC+ Stlth+}
 60490 | Zot:1    | Entered Level 1 of the Realm of Zot
 60556 | Zig:1    | Entered Level 1 of a ziggurat
 60580 | Zig:2    | Entered Level 2 of a ziggurat
 60659 | Zig:3    | Entered Level 3 of a ziggurat
 60701 | Zig:3    | Identified the +0 sling of Xom's Righteous Fury {antimagic,
                  | rF+ Will+ rCorr Str-3}
 61563 | Zot:1    | Reached skill level 25 in Fighting
 61617 | Zot:1    | Reached XP level 24. HP: 220/220 MP: 39/39
 62297 | Zot:2    | Reached skill level 17 in Armour
 62977 | Zot:2    | Reached skill level 18 in Armour
 63552 | Zot:2    | Noticed an ancient lich
 63647 | Zot:2    | Killed an ancient lich
 63648 | Zot:2    | Reached skill level 19 in Armour
 63708 | Zot:2    | Found a stormy altar of Qazlal.
 63729 | Zot:2    | Identified the +3 scimitar of Departure {freeze, *Corrode
                  | rElec rF+ Int+3}
 63732 | Zot:2    | Identified the staff of air "Musk" {rElec rPois}
 64029 | Zot:3    | Identified the +1 buckler of Xaysuo {Harm Fly rPois Int+5}
 64367 | Zot:3    | Reached skill level 20 in Armour
 64552 | Zot:3    | Reached XP level 25. HP: 227/227 MP: 39/39
 65385 | Zot:4    | Reached skill level 21 in Armour
 66479 | Zot:5    | Entered Level 5 of the Realm of Zot
 66628 | Zot:5    | Reached skill level 22 in Armour
 67726 | Crypt:1  | Entered Level 1 of the Crypt
 67787 | Crypt:1  | Found a runed translucent gate.
 67789 | Crypt:1  | Found a runed translucent gate.
 67789 | Crypt:1  | Found a runed translucent gate.
 67793 | Crypt:1  | Noticed Zijastu's ghost (veteran MiBe)
 67793 | Crypt:1  | Noticed Neirri's ghost (veteran DrHW)
 67793 | Crypt:1  | Noticed Ucsunolie's ghost (veteran GrFi)
 67798 | Crypt:1  | Noticed Boris
 67810 | Crypt:1  | Killed Boris
 67821 | Crypt:1  | Noticed Bai Suzhen
 67838 | Crypt:1  | Killed Bai Suzhen
 67885 | Crypt:1  | Noticed Vv
 67909 | Crypt:1  | Killed Vv
 68716 | Crypt:2  | Found a basalt altar of Yredelemnul.
 68726 | Crypt:2  | Reached skill level 23 in Armour
 68875 | Crypt:2  | Found the brooch of Shielding {Spirit SH+8}
 69357 | Crypt:3  | Entered Level 3 of the Crypt
 69366 | Crypt:3  | Noticed Zenata
 69393 | Crypt:3  | Killed Zenata
 69691 | Crypt:3  | Found a runed translucent door.
 69694 | Crypt:3  | Noticed Ceuschugat's ghost (veteran GrFi)
 69760 | Crypt:3  | Noticed Boris
 69974 | Crypt:3  | Reached XP level 26. HP: 235/235 MP: 39/39
 70272 | Crypt:3  | Reached skill level 24 in Armour
 70564 | Crypt:3  | Found a staircase to the Tomb.
 71106 | Crypt:3  | Identified the amulet of Vosooren {Rampage rF+ Regen+}
 71134 | Crypt:3  | Found an ancient bone altar of Kikubaaqudgha.
 71150 | Crypt:3  | Identified the ring "Kuest" {Fly rC+ Int+2 Dex+3}
 71150 | Crypt:3  | Noticed Josephina
 71174 | Crypt:3  | Killed Josephina
 71244 | Crypt:3  | Found a basalt altar of Yredelemnul.
 71248 | Crypt:3  | Identified the ring of the Devil's Team {Ice Fly}
 71271 | Crypt:3  | Killed Boris
 71355 | Crypt:3  | Identified the ring "Veazock" {rElec rPois rN+ Str-3}
 72340 | Slime:1  | Entered Level 1 of the Pits of Slime
 73348 | Slime:2  | Reached skill level 25 in Armour
 74825 | Slime:5  | Entered Level 5 of the Pits of Slime
 75283 | Slime:5  | Found a viscous altar of Jiyva.
 75283 | Slime:5  | Noticed the Royal Jelly
 75328 | Slime:5  | Killed the Royal Jelly
 75410 | Slime:5  | Identified the +5 great mace "Mixilah" {pain, SInv}
 75441 | Slime:5  | Identified the ring "Mifielora" {rC++ MP+9}
 75469 | Slime:5  | Got a slimy rune of Zot
 76990 | Zot:5    | Noticed a dread lich
 77009 | Zot:5    | Killed a dread lich
 77725 | Zot:5    | Noticed an ancient lich
 77735 | Zot:5    | Killed an ancient lich
 77744 | Zot:5    | Noticed an ancient lich
 77748 | Zot:5    | Noticed an orb of fire
 77749 | Zot:5    | Noticed an orb of fire
 77751 | Zot:5    | Killed an ancient lich
 77752 | Zot:5    | Reached skill level 26 in Invocations
 77780 | Zot:5    | Killed an orb of fire
 77787 | Zot:5    | Gained mutation: You are weak. (Str -2) [an orb of fire]
 77789 | Zot:5    | Killed an orb of fire
 79277 | Zot:5    | Reached skill level 27 in Invocations
 79424 | Zot:5    | Noticed an ancient lich
 79431 | Zot:5    | Killed an ancient lich
 79432 | Zot:5    | Gained mutation: You can speak a Word of Chaos. [demonic
                  | ancestry]
 79432 | Zot:5    | Reached XP level 27. HP: 242/242 MP: 40/40
 79706 | Zot:5    | Got the Orb of Zot
 80121 | D:13     | Noticed Boris
 80338 | D:$      | Escaped with the Orb!

Illustrated notes

Levels and vault maps discovered:
D:1:      minmay_arrival_cross, layout_loops_ring
D:2:      layout_loops_ring, grunt_ministairs_13, uniq_robin
D:3:      layout_basic, minmay_misc_feat_five, uniq_jessica, uniq_pargi
D:4:      minmay_goblin_kobold_castle, layout_loops_ring,
          minmay_temple_entry_trees, serial_rivers,
          chequers_serial_rivers_small_3, chequers_serial_rivers_micro_c,
          chequers_serial_rivers_micro_c, chequers_serial_rivers_small_3,
          chequers_serial_rivers_room_a, chequers_serial_rivers_large_a,
          minmay_circle_x, uniq_natasha
D:5:      layout_basic
D:6:      layout_basic, mainiacjoe_overflow_alcove_4, old_standard_altar
D:7:      layout_rooms, grunt_dithmenos_smoke, serial_shops,
          nicolae_shop_window_shopping, uniq_pikel
D:8:      layout_loops_ring, mainiacjoe_overflow_catch_the_wave,
          david_lair_generic, serial_shops, nicolae_diamond_shop, uniq_erica
D:9:      layout_cross, lemuel_round_altar, serial_shops, shop,
          minmay_the_grid_2x2 [minmay_the_grid_garden, minmay_the_grid_embedded,
          minmay_the_grid_outer_circle, minmay_the_grid_prize_diamond_cup]
D:10:     layout_small_grid, nicolae_trove_entry_diagonal, uniq_grum
D:11:     layout_grid_maze, gauntlet_entry_generic, the_hattery, uniq_harold
D:12:     layout_irregular_city, orc_0_dummy, uniq_kirke
D:13:     layout_cave_pools, david_vaults_2, gammafunk_ghost_hydra_chop,
          guppyfry_shop_venom
D:14:     kennysheep_treasure_stockpile, layout_basic, serial_park_tiny_1,
          uniq_lodul
D:15:     hangedman_depths_entry_try_elsewhere_first, layout_layer_cave,
          nicolae_the_louvre, minmay_guarded_unrand_prune
Temple:   compressed_dpeg_triangle_lava_temple
Lair:1:   layout_regular_city, gammafunk_ghost_hive
Lair:2:   layout_loops_ring, hellmonk_spider_entry_life_and_decay,
          hangedman_lair_unloving_vines, beast_lair_carwin_7, uniq_fannar
Lair:3:   layout_hall_layers, shoals_dummy_entry, uniq_gastronok
Lair:4:   cheibrodos_magma_flow, layout_gridlike, minmay_slime_entry_oklob_open,
          serial_bayou_shore_b, infiniplex_staircase_pool
Lair:5:   grunt_lair_end_beastmaster, layout_hall_layers,
          chequers_serial_rivers_micro_c
Shoals:1: layout_shoals, nicolae_shoals_spectral_cove
Shoals:2: layout_shoals, nzn_prometheus_bound
Shoals:3: nicolae_shoals_lighthouse, layout_shoals,
          nicolae_shoals_aquamancer_cove, uniq_aizul
Shoals:4: shoals_end_grunt_ice, layout_shoals, nicolae_shoals_enchanted_isle
Spider:1: layout_spider_delve, uniq_azrael
Spider:2: layout_spider_delve, portal_ice_cave_entry_frozen_things,
          hellmonk_deceptive_appearances, nicolae_spider_cling_halls,
          uniq_nikola
Spider:3: layout_spider_delve, ebering_ghost_disaster_area
Spider:4: hellmonk_spider_rune_endless_swarm
Slime:1:  layout_caves
Slime:2:  cheibrodos_slime_lost_civilization_10, layout_caves
Slime:3:  layout_caves
Slime:4:  layout_caves
Slime:5
Orc:1:    layout_diamond_mine, uniq_maurice, uniq_nergalle
Orc:2:    kennysheep_orc_mage_school, layout_diamond_mine,
          gammafunk_ghost_grave, uniq_urug
Elf:1:    eino_elf_arrival_customs, layout_gridlike,
          ebering_ghost_disaster_area, minmay_elf_sorcery, minmay_shoptagon,
          lemuel_upstairs_altar
Elf:2:    elven_hall_of_blades_hangedman_original [mumra_blade_entry_bloodbath],
          layout_geoelf_grid, basic_altar, serial_shops,
          nicolae_shop_real_fake_doors, minivault_25_ag
Elf:3:    grunt_elf_hall_diamonds, layout_onion_city, serial_shops, shop
Vaults:1: v_misc_2, vaults_room_guarded_vault, ontoclasm_vaults_loading_screen,
          hangedman_vaults_maws, ontoclasm_vaults_ligature,
          nicolae_vaults_storage_closets_1, vaults_dpeg_emergency_exit,
          nicolae_vaults_mini_display_case, layout_vaults_omnigrid,
          serial_shops, nicolae_shop_getting_attention
Vaults:2: vaults_room_pools, nicolae_vaults_shrinking_rooms_1, v_pattern_4,
          hangedman_vaults_capsules, vaults_mumra_hex,
          nicolae_vaults_trapezoid_2, nicolae_vaults_security_offices_6,
          nicolae_vaults_shelves_hall, vaults_room_pools,
          nicolae_vaults_cornered_office, v_rooms_6, layout_vaults_maze_snakey,
          serial_shops, shop
Vaults:3: hangedman_vaults_restitches, minmay_crypt_entry_simple_plaza,
          grunt_vaults_bifocal, nicolae_vaults_ellipses_ellipsis,
          hangedman_vaults_slice, nicolae_vaults_storage_closets_2,
          nicolae_vaults_cornered_office, nicolae_vaults_trapezoid_layered,
          nicolae_vaults_storage_room_statues, vaults_dpeg_diagonal,
          grunt_vaults_swirl, nicolae_vaults_trapezoid_lopsided_3,
          layout_vaults_omnicross, uniq_margery
Vaults:4: v_rooms_6, nicolae_vaults_puzzle_piece,
          hangedman_vaults_stretched_pinwheel, nicolae_vaults_diamond_1,
          ontoclasm_vaults_spin, nicolae_vaults_layer_cake_slice,
          nicolae_vaults_little_squares_3, ontoclasm_vaults_pinch,
          nicolae_vaults_border_crossing, nicolae_vaults_bisected_slash,
          nicolae_vaults_heart-shaped_vault, nicolae_vaults_wine_cellar,
          layout_vaults_ring
Vaults:5
Crypt:1:  layout_regular_city, gammafunk_ghost_cemetery, uniq_bai_suzhen,
          uniq_boris, uniq_vv
Crypt:2:  layout_misc_corridors, hangedman_blasphemy
Crypt:3:  lightli_unholy_cathedral, layout_chaotic_city,
          nicolae_tomb_entry_rubble_hallway, gammafunk_ghost_grave,
          uniq_josephina, uniq_zenata
Depths:1: layout_honeycomb, serial_shops, nicolae_square_shop, hellmouth_2,
          rand_demon_pan_entry_3, item_on_display_a, minmay_shop_grove,
          firewood_loft
Depths:2: evilmike_marble_ring, layout_basic, pan_entry, abyss_entry,
          hell_entry, nicolae_concentric_dashed_squares_wild,
          infiniplex_staircase_pillars_1
Depths:3: nicolae_cairo_tiling_large, layout_gridlike,
          chequers_serial_rivers_micro_d, abyss_entry_crystal,
          pf_hell_entry_tar_river, minivault_16, minmay_staircase_bubble
Depths:4: evilmike_zot_entry_round, layout_basic, enter_ziggurat_e,
          hangedman_geh_valley, serial_bayou_lagoon_a, uniq_frederick
Zot:1:    layout_gridlike, guppyfry_library_mini, grunt_megastairs_3
Zot:2:    regret_index_qazlal_generations, layout_misc_corridors,
          evilmike_ambush [evilmike_ambush_outer_doors,
          evilmike_ambush_inner_basic]
Zot:3:    grunt_twist_and_shout, layout_onion_interference
Zot:4:    lemuel_draconian_sentries_small, layout_basic
Zot:5:    layout_basic, skrybe_zot_glass_3

Skill      XL: |  1  2  3  4  5  6  7  8  9 10 11 12 13 14 15 16 17 18 19 20 21 22 23 24 25 26 |
---------------+-------------------------------------------------------------------------------+-----
Stealth        | 2 3 5 |  5.0
Fighting       | 2 4 5 6 7 9 10 12 14 15 18 20 21 25 | 25.3
Invocations    | 1 3 8 11 13 15 19 21 23 25 27 | 27.0
Shields        | 1 4 8 12 13 | 13.0
Evocations     | 6 12 15 | 15.0
Dodging        | 1 4 7 14 15 | 15.0
Armour         | 3 4 6 10 12 14 15 16 20 23 25 | 25.7
Polearms       | 6 12 14 | 14.0

Action                     |  1- 3 |  4- 6 |  7- 9 | 10-12 | 13-15 | 16-18 | 19-21 | 22-24 | 25-27 || total
---------------------------+-------+-------+-------+-------+-------+-------+-------+-------+-------++-------
  Melee: Club              |   140 |       |       |       |       |       |       |       |       ||   140
         Whip              |    11 |    24 |       |       |       |       |       |       |       ||    35
         Punch             |     1 |     2 |     4 |       |       |       |       |       |       ||     7
         Dagger            |       |   245 |   149 |    26 |       |       |       |       |       ||   420
         Kick              |       |       |    38 |    29 |   222 |   542 |  1249 |   893 |   856 ||  3829
         Rapier            |       |       |       |    61 |    38 |       |       |       |       ||    99
         Demon trident     |       |       |       |       |   582 |  1972 |  2615 |  2495 |  1878 ||  9542
  Throw: Dart              |       |     3 |       |       |     3 |       |       |       |       ||     6
         Throwing net      |       |       |       |       |       |       |       |       |     1 ||     1
 Invoke: Minor Destruction |       |       |   193 |   558 |  1013 |   163 |       |     3 |     3 ||  1933
         Lesser Servant of |       |       |     2 |       |     5 |     1 |       |       |       ||     8
         Major Destruction |       |       |       |    27 |    34 |    64 |    10 |    17 |    15 ||   167
         Greater Servant o |       |       |       |       |       |    10 |     7 |     8 |     9 ||    34
Ability: Word of Chaos     |       |       |       |       |       |       |       |       |     1 ||     1
  Evoke: Wand              |     7 |     3 |     3 |       |     8 |    23 |       |    17 |    16 ||    77
         Lightning rod     |       |       |       |       |     2 |       |     4 |     3 |       ||     9
         Phial of floods   |       |       |       |       |       |     2 |     2 |       |       ||     4
         Tin of tremorston |       |       |       |       |       |     4 |     4 |     5 |     2 ||    15
         Box of beasts     |       |       |       |       |       |       |     1 |     1 |       ||     2
         Phantom mirror    |       |       |       |       |       |       |       |     1 |       ||     1
    Use: Scroll            |       |     7 |     4 |     6 |    20 |    13 |     9 |    10 |    15 ||    84
         Potion            |       |       |       |       |     3 |     3 |     5 |     1 |     7 ||    19
   Stab: Sleeping          |     6 |    10 |     2 |       |       |     3 |       |       |       ||    21
         Distracted        |       |     2 |       |       |     2 |     3 |     3 |     4 |     2 ||    16
         Confused          |       |       |       |       |       |       |     2 |     1 |       ||     3
         Invisible         |       |       |       |       |       |       |       |       |     2 ||     2
         Paralysed         |       |       |       |       |       |       |       |       |     1 ||     1
 Armour: Leather armour    |    56 |    40 |       |       |       |       |       |       |       ||    96
         Troll leather arm |       |   141 |   125 |   120 |   316 |       |       |       |       ||   702
         Scale mail        |       |       |       |       |   450 |  1043 |       |       |       ||  1493
         Plate armour      |       |       |       |       |       |     6 |   637 |   830 |   713 ||  2186
         Gold dragon scale |       |       |       |       |       |       |   320 |       |       ||   320
         Storm dragon scal |       |       |       |       |       |       |    74 |   174 |       ||   248
         Skin              |       |       |       |       |       |       |       |    18 |       ||    18
  Dodge: Dodged            |   106 |   224 |   116 |   122 |   475 |   665 |   436 |   621 |   484 ||  3249
  Block: Kite shield       |       |       |    41 |   225 |   808 |  1051 |  1090 |    56 |       ||  3271
         Buckler           |       |       |       |       |       |       |       |   738 |   481 ||  1219
         Reflection        |       |       |       |       |       |       |       |   118 |    29 ||   147

Table legend: (Time is in decaauts)
 A = Elapsed time spent in this place.
 B = Non-inter-level travel time spent in this place.
 C = Inter-level travel time spent in this place.
 D = Time resting spent in this place.
 E = Time spent auto-exploring this place.
 F = Levels seen in this place.
 G = Mean time per level.
                   A        B        C        D        E       F      G
               +--------+--------+--------+--------+--------+-----+--------+
         Total |  77771 |  68287 |   9484 |  13151 |  37192 |  62 | 1254.4 |
       Dungeon |  19076 |  15970 |   3106 |   1511 |  10801 |  15 | 1271.7 |
        Temple |     81 |     68 |     13 |      0 |     53 |   1 |   81.0 |
          Lair |   8038 |   6943 |   1095 |    981 |   4263 |   5 | 1607.6 |
        Shoals |   7596 |   7226 |    370 |   2084 |   2976 |   4 | 1899.0 |
   Spider Nest |   3445 |   3057 |    388 |     86 |   2106 |   4 |  861.2 |
    Slime Pits |   2995 |   2886 |    109 |   1577 |    824 |   5 |  599.0 |
  Orcish Mines |   2573 |   1684 |    889 |    117 |   1063 |   2 | 1286.5 |
   Elven Halls |   4102 |   3819 |    283 |    362 |   2525 |   3 | 1367.3 |
        Vaults |   8065 |   7150 |    915 |    801 |   4163 |   5 | 1613.0 |
         Crypt |   3557 |   3302 |    255 |    417 |   1919 |   3 | 1185.7 |
        Depths |   5780 |   4679 |   1101 |    364 |   2941 |   4 | 1445.0 |
           Zot |   9894 |   8939 |    955 |   3822 |   3037 |   5 | 1978.8 |
      Ziggurat |    172 |    172 |      0 |     27 |     52 |   3 |   57.3 |
         Trove |     85 |     85 |      0 |      0 |      0 |   1 |   85.0 |
      Ice Cave |   1831 |   1831 |      0 |   1000 |    360 |   1 | 1831.0 |
      Gauntlet |    472 |    472 |      0 |      0 |    108 |   1 |  472.0 |
               +--------+--------+--------+--------+--------+-----+--------+

Top non-repeatable levels by time:
   Zot:5: 3907 daAuts
     D:4: 2697 daAuts
  Lair:4: 2390 daAuts
    D:15: 2387 daAuts
Shoals:3: 2302 daAuts
Shoals:2: 2201 daAuts
Depths:4: 2067 daAuts
Vaults:5: 1966 daAuts
   Zot:2: 1954 daAuts
    D:14: 1913 daAuts
   Elf:3: 1865 daAuts
Shoals:4: 1858 daAuts
   IceCv: 1831 daAuts
Vaults:3: 1831 daAuts
  Lair:5: 1827 daAuts
